 Dungeon Crawl Stone Soup version 0.21-a0-319-g17ab366 (webtiles) character file.

4227 Blomdor the Fighter (level 10, -8/90 HPs)
             Began as a Gnoll Fighter on Sept 29, 2017.
             Was an Initiate of Cheibriados.
             Mangled by a cyclops (21 damage)
             ... on level 7 of the Dungeon.
             The game lasted 00:13:03 (5760 turns).

Blomdor the Fighter (Gnoll Fighter)                 Turns: 5760, Time: 00:13:03

Health: -8/90      AC: 16    Str: 22    XL:     10   Next: 30%
Magic:  0/27       EV: 13    Int:  6    God:    Cheibriados [......]
Gold:   173        SH: 12    Dex: 22    Spells: 19/19 levels left

rFire    + . .     SeeInvis +   a - +0 war axe
rCold    + . .     Gourm    .   c - +0 shield
rNeg     + . .     Faith    .   u - +0 plate armour
rPois    .         Spirit   +   n - +2 helmet {SInv}
rElec    .         Reflect  .   (no cloak)
rCorr    .         Harm     .   (no gloves)
MR       +....                  (no boots)
Stlth    ..........             v - amulet of guardian spirit
HPRegen  0.25/turn              b - ring "Loacuk" {rF+ rC+ rN+ MR+ Int-5}
MPRegen  0.20/turn              d - ring of magical power

@: agile, very slow
A: distributed training, fangs 1, robust 1, MP-powered wands, strong nose
a: Bend Time, Renounce Religion


You were on level 7 of the Dungeon.
You worshipped Cheibriados.
Cheibriados was noncommittal.
You were not hungry.

You visited 2 branches of the dungeon, and saw 8 of its levels.

You collected 332 gold pieces.
You spent 159 gold pieces at shops.

Inventory:

Hand Weapons
 a - a +0 war axe (weapon)
Missiles
 E - a throwing net (quivered)
Armour
 c - a +0 shield (worn)
 n - a +2 helmet of see invisible (worn)
 u - a +0 plate armour (worn)
Jewellery
 b - the ring "Loacuk" (left hand) {rF+ rC+ rN+ MR+ Int-5}
   (You found it on level 6 of the Dungeon)

   [ring of protection from magic]

   It affects your intelligence (-5).
   It protects you from fire.
   It protects you from cold.
   It protects you from negative energy.
   It affects your resistance to hostile enchantments.
 d - a ring of magical power (right hand)
 o - a +3 amulet of reflection
 v - an amulet of guardian spirit (around neck)
Wands
 F - a wand of flame (32/48)
 G - a wand of confusion (30/48)
 K - a wand of digging (14/24)
Scrolls
 e - 3 scrolls of amnesia
 g - 5 scrolls of magic mapping
 h - 3 scrolls of identify
 k - 4 scrolls of remove curse
 l - a scroll of fear
 q - 3 scrolls of fog
 r - 3 scrolls of recharging
 s - 3 scrolls of blinking
 w - a scroll of teleportation
 x - a scroll of immolation
Potions
 i - 5 potions of curing
 m - 2 potions of flight
 p - 2 potions of brilliance
 z - a potion of berserk rage
 C - a potion of lignification
 I - a potion of ambrosia
Miscellaneous
 y - a box of beasts
 D - a phantom mirror
Comestibles
 f - 8 bread rations
 j - 4 meat rations
 t - 2 royal jellies
 A - 2 fruits
 J - a chunk of flesh


   Skills:
 + Level 8.5 Fighting
 + Level 4.8 Short Blades
 + Level 4.2 Long Blades
 + Level 6.2 Axes
 + Level 4.4 Maces & Flails
 + Level 5.0 Polearms
 + Level 4.8 Staves
 + Level 6.2 Slings
 + Level 5.4 Bows
 + Level 4.7 Crossbows
 + Level 5.1 Throwing
 + Level 7.8 Armour
 + Level 4.7 Dodging
 + Level 5.8 Stealth
   Level 0.0 Stabbing
 + Level 7.8 Shields
   Level 0.0 Traps
 + Level 4.0 Unarmed Combat
 + Level 5.4 Spellcasting
 + Level 4.2 Conjurations
 + Level 4.5 Hexes
 + Level 4.7 Charms
 + Level 5.0 Summonings
 + Level 6.2 Necromancy
 + Level 4.8 Translocations
 + Level 5.3 Transmutations
 + Level 4.7 Fire Magic
 + Level 4.0 Ice Magic
 + Level 4.7 Air Magic
 + Level 5.1 Earth Magic
 + Level 4.4 Poison Magic
 + Level 5.5 Invocations
 + Level 4.0 Evocations


You had 19 spell levels left.
You didn't know any spells.

Dungeon Overview and Level Annotations

Branches:
Dungeon (7/15)             Temple (1/1) D:7

Altars:
Ashenzari
Cheibriados
Dithmenos
Elyvilon
Fedhas
Gozag
Hepliaklqana
Kikubaaqudgha
Makhleb
Nemelex Xobeh
Okawaru
Qazlal
Ru
Sif Muna
Trog
Uskayaw
Vehumet
Wu Jian
Xom
Zin
The Shining One

Shops:
D:4 %   D:5 ?   D:7 }


Innate Abilities, Weirdness & Mutations

Your experience applies equally to all skills.
You have very sharp teeth.
Your uncanny sense of smell can sniff out nearby items.
You are robust. (+10% HP)
You expend magic power (3 MP) to strengthen your wands.


Message History

Unknown command.
You hit the death knight but do no damage.
The death knight is almost dead.
You hit the cyclops but do no damage. The cyclops hits you!
* * * LOW HITPOINT WARNING * * *
You block the death knight's attack.
Unknown command.
Your shield prevents you from hitting the death knight.
The death knight is almost dead.
You hit the cyclops but do no damage.
The death knight's dark mirror aura disappears.
The death knight hits you but does no damage.
You block the cyclops's attack.
Unknown command.
You feel better.
You feel less wooden.
Your +2 helmet of see invisible unmelds from your body.
Your +0 plate armour unmelds from your body.
You feel perceptive. The death knight misses you. The cyclops hits you!!
You die...

##.# ##.## .
##..#### ..
#....... ...
###....### ....
##......... ...##
##..###.###. #.C##
###..##..#..##
#p@###...##..#.#).#
###...#.##..##.##..
#.###.#..##...##(
#.....#.##.....##
.###...#....#[...
#. #..#.##.....##
(. ##.# ##...##.
#.# #.# ##.##.. #.
#.#..#


You could see a death knight and a cyclops.

Vanquished Creatures
  Pikel (D:4)
  An ugly thing (D:7)
  A cyclops (D:7)
  A hippogriff (D:7)
  A slime creature (D:7)
  A spriggan (D:7)
  The ghost of tstbtto the Skirmisher, an amateur GnFi (D:3)
  A wyvern (D:7)
  Menkaure (D:4)
  A water moccasin (D:7)
  An orc warrior (D:6)
  2 ice beasts
  3 sky beasts (D:7)
  A centaur (D:7)
  5 ogres
  A bullfrog (D:6)
  A big kobold (D:7)
  2 scorpions (D:4)
  A wyvern skeleton (D:6)
  2 howler monkeys
  A wight (D:7)
  A crimson imp (D:6)
  2 orc priests (D:5)
  2 hounds (D:7)
  2 orc wizards (D:7)
  An iguana (D:6)
  3 worker ants
  A hound skeleton (D:4)
  10 gnolls
  4 adders
  A shadow imp (D:6)
  A white imp (D:6)
  An ooze (D:4)
  A dart slug (D:3)
  4 leopard geckos
  19 orcs
  3 giant cockroaches
  5 goblins
  3 hobgoblins
  3 jackals (D:3)
  19 kobolds
  A quokka (D:5)
  A ball python (D:4)
  A ball python skeleton (D:5)
  2 bats (D:1)
  3 frilled lizards
  A leopard gecko zombie (D:7)
  A quokka skeleton (D:4)
  6 rats
132 creatures vanquished.

Notes
Turn   | Place    | Note
-------+----------+-------------------------------------------
     0 | D:1      | Blomdor the Gnoll Fighter began the quest for the Orb.
     0 | D:1      | Reached XP level 1. HP: 23/23 MP: 1/1
   114 | D:1      | Reached skill level 1 in Maces & Flails
   120 | D:1      | Reached skill level 1 in Necromancy
   125 | D:1      | Reached XP level 2. HP: 24/29 MP: 2/2
   226 | D:1      | Reached skill level 1 in Invocations
   271 | D:1      | Reached skill level 1 in Air Magic
   477 | D:1      | Reached skill level 1 in Conjurations
   734 | D:2      | Reached skill level 1 in Bows
   734 | D:2      | Reached XP level 3. HP: 32/35 MP: 4/4
   747 | D:2      | Reached skill level 1 in Stealth
   789 | D:2      | Found a shimmering altar of Xom.
  1116 | D:3      | Reached skill level 1 in Poison Magic
  1123 | D:3      | Reached skill level 1 in Unarmed Combat
  1126 | D:3      | Reached XP level 4. HP: 33/41 MP: 5/5
  1145 | D:3      | Reached skill level 1 in Slings
  1307 | D:3      | Noticed tstbtto's ghost (amateur GnFi)
  1316 | D:3      | Killed tstbtto's ghost
  1316 | D:3      | Reached skill level 1 in Polearms
  1316 | D:3      | Reached skill level 1 in Dodging
  1316 | D:3      | Reached skill level 1 in Hexes
  1316 | D:3      | Reached skill level 1 in Charms
  1316 | D:3      | Reached skill level 1 in Translocations
  1316 | D:3      | Reached skill level 1 in Transmutations
  1316 | D:3      | Reached skill level 1 in Earth Magic
  1316 | D:3      | Reached skill level 1 in Evocations
  1316 | D:3      | Reached XP level 5. HP: 34/47 MP: 4/6
  1342 | D:3      | Found an iron altar of Okawaru.
  1346 | D:3      | Reached skill level 1 in Short Blades
  1545 | D:4      | Reached XP level 6. HP: 49/53 MP: 6/8
  1601 | D:4      | Reached skill level 1 in Spellcasting
  1606 | D:4      | Reached skill level 1 in Staves
  1606 | D:4      | Reached skill level 1 in Summonings
  1769 | D:4      | Noticed Menkaure
  1776 | D:4      | Gained mutation: Your mind is acute. (Int +2) [potion of mutation]
  1776 | D:4      | Gained mutation: You have a pair of small horns on your head. [potion of mutation]
  1781 | D:4      | Killed Menkaure
  1781 | D:4      | Reached skill level 1 in Long Blades
  1781 | D:4      | Reached XP level 7. HP: 14/59 MP: 3/10
  1818 | D:4      | Lost mutation: You have a pair of small horns on your head. [potion of mutation]
  1818 | D:4      | Lost mutation: Your mind is acute. (Int +2) [potion of mutation]
  1818 | D:4      | Gained mutation: You expend magic power (3 MP) to strengthen your wands. [potion of mutation]
  1818 | D:4      | Gained mutation: You are robust. (+10% HP) [potion of mutation]
  2319 | D:4      | Noticed Pikel
  2331 | D:4      | Killed Pikel
  2331 | D:4      | Reached skill level 7 in Fighting
  2331 | D:4      | Reached skill level 5 in Axes
  2331 | D:4      | Reached skill level 1 in Ice Magic
  2331 | D:4      | Reached XP level 8. HP: 73/73 MP: 5/11
  2506 | D:4      | Found Nigemnasm's Food Shop.
  2984 | D:5      | Entered Level 5 of the Dungeon
  3540 | D:5      | Found Zunuim's Magic Scroll Shoppe.
  3548 | D:5      | Bought a scroll of remove curse for 33 gold pieces
  3548 | D:5      | Bought a scroll of identify for 22 gold pieces
  3548 | D:5      | Bought a scroll of magic mapping for 38 gold pieces
  3548 | D:5      | Bought a scroll of identify for 22 gold pieces
  3548 | D:5      | Bought a scroll of identify for 22 gold pieces
  3548 | D:5      | Bought a scroll of fog for 22 gold pieces
  3750 | D:6      | Got a faintly glowing granite ring
  3751 | D:6      | Identified the ring "Loacuk" {rF+ rC+ rN+ MR+ Int-5} (You found it on level 6 of the Dungeon)
  3973 | D:6      | Reached XP level 9. HP: 80/81 MP: 13/13
  4240 | D:6      | Reached skill level 8 in Fighting
  4520 | D:7      | Found an iron altar of Okawaru.
  4522 | D:7      | Found a hazy altar of Hepliaklqana.
  4522 | D:7      | Found a deep blue altar of Sif Muna.
  4522 | D:7      | Found a hide-covered altar of Uskayaw.
  4561 | D:7      | Reached skill level 5 in Slings
  4561 | D:7      | Reached skill level 5 in Stealth
  4612 | D:7      | Reached skill level 5 in Invocations
  4690 | D:7      | Reached skill level 5 in Necromancy
  4736 | D:7      | Found a staircase to the Ecumenical Temple.
  4791 | Temple   | Entered the Ecumenical Temple
  4951 | Temple   | Became a worshipper of Cheibriados the Contemplative
  5010 | D:7      | Found Guurgh's Gadget Shop.
  5233 | D:7      | Noticed a cyclops
  5241 | D:7      | Killed a cyclops
  5262 | D:7      | Noticed a red ugly thing
  5266 | D:7      | Reached skill level 5 in Throwing
  5266 | D:7      | Reached skill level 5 in Spellcasting
  5266 | D:7      | Reached skill level 5 in Transmutations
  5272 | D:7      | Killed a red ugly thing
  5272 | D:7      | Reached skill level 5 in Bows
  5272 | D:7      | Reached skill level 5 in Earth Magic
  5272 | D:7      | Reached XP level 10. HP: 24/90 MP: 9/17
  5667 | D:7      | Reached skill level 5 in Polearms
  5715 | D:7      | Noticed a death knight
  5717 | D:7      | Noticed a cyclops
  5755 | D:7      | Reached skill level 5 in Summonings
  5760 | D:7      | Mangled by a cyclops

Vault maps used:
D:1:      dpeg_arrival_round_a
D:2:      tgw_xom, first_bread
D:3:      okawaru_trees_2
D:4:      serial_shops, shop_fountains, uniq_pikel, uniq_menkaure
D:5:      serial_shops, shop_scrolls, st_stairs_13
D:6:      minmay_fire_ice_demons
D:7:      minmay_the_grid_octo_2x2, minmay_temple_entry_grid, serial_shops,
          shop, the_bakery
Temple:   minmay_crystal_snake_temple

Skill      XL: |  1  2  3  4  5  6  7  8  9 10 |
---------------+-------------------------------+-----
Maces & Flails | 1 2 3 4 |  4.4
Necromancy     | 1 2 3 4 5 6 |  6.2
Invocations    | 1 2 3 4 5 |  5.5
Air Magic      | 1 2 4 |  4.7
Conjurations   | 1 2 4 |  4.2
Bows           | 1 2 3 5 |  5.4
Stealth        | 1 2 3 4 5 |  5.8
Poison Magic   | 1 2 3 4 |  4.4
Unarmed Combat | 1 2 3 4 |  4.0
Slings         | 2 3 4 5 6 |  6.2
Polearms       | 1 2 3 4 5 |  5.0
Crossbows      | 2 3 4 |  4.7
Throwing       | 2 3 5 |  5.1
Dodging        | 1 2 3 4 |  4.7
Hexes          | 1 2 3 4 |  4.5
Charms         | 1 2 3 4 |  4.7
Translocations | 1 2 3 4 |  4.8
Transmutations | 1 2 3 5 |  5.3
Fire Magic     | 2 3 4 |  4.7
Earth Magic    | 1 2 3 4 5 |  5.1
Evocations     | 1 2 3 4 |  4.0
Short Blades   | 1 2 3 4 |  4.8
Spellcasting   | 2 3 5 |  5.4
Staves         | 2 3 4 |  4.8
Summonings     | 2 3 4 5 |  5.0
Long Blades    | 1 2 3 4 |  4.2
Armour         | 7 |  7.8
Fighting       | 7 8 |  8.5
Axes           | 5 6 |  6.2
Ice Magic      | 1 2 4 |  4.0
Shields        | 7 |  7.8

Action                   |  1- 3 |  4- 6 |  7- 9 | 10-12 || total
-------------------------+-------+-------+-------+-------++-------
Melee: War axe           |    73 |    60 |   341 |    56 ||   530
       Bite              |     7 |    10 |    72 |     3 ||    92
  Use: Scroll            |     4 |       |    11 |     1 ||    16
       Potion            |       |     6 |     5 |     6 ||    17
  Eat: Chunk             |     1 |     2 |     9 |     2 ||    14
       Fruit             |       |       |     3 |       ||     3
Armor: Scale mail        |    27 |    10 |    15 |       ||    52
       Chain mail        |       |       |    25 |       ||    25
       Plate armour      |       |       |    80 |     7 ||    87
       Skin              |       |       |     1 |    21 ||    22
Dodge: Dodged            |    28 |    17 |    86 |     8 ||   139
Block: Shield            |    42 |    36 |   181 |    45 ||   304

Table legend:
 A = Spawn XP
 B = Non-spawn XP
 C = Spawn XP percentage of total XP
 D = Spawn monster count
 E = Non-spawn monster count
 F = Spawn count percentage of total count
 G = Total turns spent on level
                    A         B        C        D         E        F      G
               +---------+---------+-------+---------+---------+-------+---------
         Total |       0 |    6039 |   0.0 |       0 |     131 |   0.0 |  5760
               +---------+---------+-------+---------+---------+-------+---------
           D:1 |       0 |      31 |   0.0 |       0 |      21 |   0.0 |   704
           D:2 |       0 |      23 |   0.0 |       0 |       7 |   0.0 |   368
           D:3 |       0 |     241 |   0.0 |       0 |      14 |   0.0 |   463
           D:4 |       0 |    1232 |   0.0 |       0 |      26 |   0.0 |  1449
           D:5 |       0 |     569 |   0.0 |       0 |      16 |   0.0 |   667
           D:6 |       0 |     584 |   0.0 |       0 |      14 |   0.0 |   863
           D:7 |       0 |    3359 |   0.0 |       0 |      33 |   0.0 |  1064
               +---------+---------+-------+---------+---------+-------+---------
